 Dungeon Crawl Stone Soup version 0.27-a0-1066-g29160eaed2 (webtiles) character file.

Game seed: 10622763830566094918

2983 Gaff the Thaumaturge (level 9, -1/65 HPs)
             Began as a Djinni Conjurer on Apr 23, 2021.
             Was a Priest of Makhleb.
             Slain by an orc warrior
             ... wielding a +0 trident
              (12 damage)
             ... on level 8 of the Dungeon on Apr 24, 2021.
             The game lasted 00:54:07 (10561 turns).

Gaff the Thaumaturge (Djinni Conjurer)             Turns: 10561, Time: 00:54:08

Health: -1/65      AC:  5    Str:  6    XL:     9   Next: 83%
Gold:   305        EV: 13    Int: 24    God:    Makhleb [***...] SH:  0 Dex: 11

rFire    + + .     SeeInvis .   a - +2 dagger (venom)
rCold    x . .     Faith    .   (no shield)
rNeg     . . .     Spirit   .   y - +2 robe {Will+}
rPois    ∞         Reflect  .   (no helmet)
rElec    .         Harm     .   (no cloak)
rCorr    .         Rampage  .   E - +0 pair of gloves
Will     ++...                  (boots unavailable)
Stlth    ++........             (no amulet)
HPRegen  0.20/turn              B - ring of willpower
MPRegen  0.00/turn              (no ring)

@: flying
A: fire resistance 2, cold vulnerability 1, float, innate caster, hp casting,
extra vitality 1
a: Renounce Religion, Minor Destruction, Lesser Servant of Makhleb


You were on level 8 of the Dungeon.
You worshipped Makhleb.
Makhleb was most pleased with you.
You visited 2 branches of the dungeon, and saw 9 of its levels.

You collected 368 gold pieces.
You spent 63 gold pieces at shops.

Inventory:

Hand Weapons
 a - a +2 dagger of venom (weapon)
 b - a +0 dagger
 i - a +2 morningstar of protection
 k - a +0 short sword
 l - a +4 vampiric whip
 n - a +0 rapier
 o - a +1 vampiric hand axe
 x - a +0 spear
Missiles
 c - 377 stones
 e - 8 atropa-tipped darts
 p - 67 sling bullets
 G - a throwing net
Armour
 f - a +0 kite shield
 u - the +5 gold dragon scales "Qanlynie" {Rampage rElec rPois rF+ rC+ Stlth+}
   (You acquired it on level 5 of the Dungeon)

   It protects you from fire.
   It protects you from cold.
   It insulates you from electricity.
   It protects you from poison.
   It bestows one free step when moving towards enemies.
   It makes you more stealthy.
 y - a +2 robe of willpower (worn)
 E - a +0 pair of gloves (worn)
Magical Staves
 z - a staff of air
Jewellery
 B - a ring of willpower (left hand)
Wands
 F - a wand of iceblast (7)
Scrolls
 j - a scroll of identify
 v - a scroll of noise
Potions
 d - 5 potions of mutation {unknown}
 g - 3 potions of curing
 h - 3 potions of brilliance {unknown}
 m - 2 potions of degeneration {unknown}
 A - a potion of attraction
 C - a potion of berserk rage


   Skills:
 - Level 5.0 Fighting
 * Level 7.2 Armour
 - Level 4.2 Dodging
 - Level 1.5 Stealth
 * Level 8.1 Spellcasting
 - Level 3.2 Invocations


You had one spell level left.
You knew the following spells:

 Your Spells              Type           Power      Damage    Failure   Level
a - Magic Dart            Conj           100%       1d8       1%          1
b - Searing Ray           Conj           96%        3d7       1%          2
c - Dazzling Flash        Conj/Hex       96%        N/A       1%          3
d - Fulminant Prism       Conj/Hex       24%        3d13      2%          4
e - Iskenderun's Mystic   Conj/Tloc      48%        2d11      2%          4
f - Apportation           Tloc           96%        N/A       1%          1
g - Poisonous Vapours     Pois/Air       96%        N/A       1%          2
h - Ensorcelled Hibernat  Hex/Ice        96%        N/A       1%          2
i - Animate Dead          Necr           24%        N/A       2%          4
Your spell library was empty.

Dungeon Overview and Level Annotations

Branches:
Dungeon (8/15)             Temple (1/1) D:4
   Lair: D:8-11

Altars:
Cheibriados
Dithmenos
Elyvilon
Fedhas
Gozag
Hepliaklqana
Makhleb
Nemelex Xobeh
Okawaru
Qazlal
Ru
Sif Muna
Uskayaw
Vehumet
Wu Jian
Xom
Yredelemnul
Zin
The Shining One

Shops:
D:2 *   D:5 [

Annotations:
D:7 Harold


Innate Abilities, Weirdness & Mutations

You are immune to poison.
Your flesh is very heat resistant. (rF++)
You are vulnerable to cold. (rC-)
You float through the air rather than walking.
You learn spells naturally, not from books.
Your magical power is your life essence.
You have superior vitality. (+4 HP)


Message History

The magic dart hits the orc warrior but does no damage.
Aiming: Magic Dart (safe; 1% risk of failure)
Press: ? - help, Q - select action, (/) - cycle Shift-Dir - straight line, f/p - orc warrior
Aim: an orc warrior, wielding a +0 trident and wearing a +0 plate armour (100% to hit)
The magic dart hits the orc warrior but does no damage.
Aiming: Magic Dart (safe; 1% risk of failure)
Press: ? - help, Q - select action, (/) - cycle Shift-Dir - straight line, f/p - orc warrior
Aim: an orc warrior, wielding a +0 trident and wearing a +0 plate armour (100% to hit)
The magic dart hits the orc warrior.
The orc warrior is lightly wounded.
Casting: Magic Dart (safe; 1% risk of failure)
Confirm with . or Enter, or press ? or * to list all spells.
Aiming: Searing Ray (safe; 1% risk of failure)
Press: ? - help, Shift-Dir - straight line, f/p - orc warrior
Aim: an orc warrior, wielding a +0 trident and wearing a +0 plate armour (lightly wounded, 83% to hit)
The searing ray hits the orc warrior.
The orc warrior is moderately wounded. (Press . to maintain the ray.)
* * * LOW HITPOINT WARNING * * *
An orc wizard comes into view. It is wielding a +2 dagger of venom.
The searing ray hits the orc warrior!
The orc warrior is severely wounded.
* * * LOW HITPOINT WARNING * * *
The orc wizard shouts!
You hear a shout!
The orc warrior closely misses you.
The searing ray misses the orc warrior.
* * * LOW HITPOINT WARNING * * *
The orc warrior hits you from afar with a +0 trident.
* * * LOW HITPOINT WARNING * * *
An orc comes into view. It is wielding a +0 falchion.
The searing ray hits the orc warrior but does no damage.
The orc warrior is severely wounded.
* * * LOW HITPOINT WARNING * * *
You finish channeling your searing ray.
The orc warrior hits you from afar with a +0 trident.
* * * LOW HITPOINT WARNING * * *
The orc warrior hits you from afar with a +0 trident!
* * * LOW HITPOINT WARNING * * *
The orc warrior hits you from afar with a +0 trident!
You die...

#### #######...##
#........... #...........
#############..o....#
#...........#.......# .
####...........#@..)...#...
...............#)[..o......
......)........).).o.......
.###..#........#######...##
# ##.##.....#.# ...#
#..#)....#.## ....
##.#........# ..##
#.###).....# .# .. #).....#


You could see an orc warrior, an orc wizard and an orc.

Vanquished Creatures
  Eustachio (D:6)
  Edmund (D:4)
  4 orc warriors
  A sky beast (D:7)
  A necrophage (D:6)
  2 ogres (D:6)
  A gnoll sergeant (D:8)
  2 bullfrogs
  A scorpion (D:7)
  8 wights (D:8)
  8 howler monkeys
  5 orc priests
  A centaur zombie (D:5)
  2 jellies
  2 hounds
  6 iguanas
  5 orc wizards
  2 howler monkey zombies
  A howler monkey skeleton (D:5)
  8 adders
  19 gnolls
  2 river rats (D:6)
  A shadow imp (D:6)
  2 white imps
  2 ufetubi
  2 worms
  6 dart slugs
  24 orcs
  12 endoplasms
  6 giant cockroaches
  27 hobgoblins
  8 jackals
  12 kobolds
  3 quokkas
  4 ball pythons
  6 bats
  3 frilled lizards
  38 goblins
  4 rats
243 creatures vanquished.

Vanquished Creatures (others)
  15 fulminant prisms
  27 fungi (D:8)
  19 plants
61 creatures vanquished.

Grand Total: 304 creatures vanquished

Notes
Turn   | Place    | Note
-------+----------+-------------------------------------------
     0 | D:1      | Gaff the Djinni Conjurer began the quest for the Orb.
     0 | D:1      | Reached XP level 1. HP: 15/15 MP: 0/0
   246 | D:1      | Reached XP level 2. HP: 15/21 MP: 0/0
   355 | D:1      | Reached skill level 4 in Spellcasting
   561 | D:1      | Reached XP level 3. HP: 19/26 MP: 0/0
   561 | D:1      | Learned a level 1 spell: Apportation
  1561 | D:2      | Found Xolot's Assorted Antiques.
  1641 | D:2      | Reached skill level 1 in Fighting
  1771 | D:2      | Reached skill level 1 in Armour
  1771 | D:2      | Reached XP level 4. HP: 24/32 MP: 0/0
  1852 | D:2      | Found a faded altar of an unknown god.
  1870 | D:2      | Became a worshipper of Uskayaw the Reveller
  1870 | D:2      | Reached * piety under Uskayaw
  1979 | D:2      | Reached ** piety under Uskayaw
  2505 | D:2      | Fell from the grace of Uskayaw
  2710 | D:3      | Paralysed by the fury of Uskayaw for 5 turns
  3098 | D:3      | Reached XP level 5. HP: 12/38 MP: 0/0
  3098 | D:3      | Learned a level 2 spell: Poisonous Vapours
  3807 | D:3      | Paralysed by the fury of Uskayaw for 6 turns
  4231 | D:3      | Reached XP level 6. HP: 32/44 MP: 0/0
  4354 | D:3      | Paralysed by the fury of Uskayaw for 4 turns
  4762 | D:3      | Paralysed by the fury of Uskayaw for 3 turns
  5219 | D:4      | Noticed Edmund
  5449 | D:4      | Killed Edmund
  5450 | D:4      | Reached skill level 5 in Spellcasting
  5450 | D:4      | Reached XP level 7. HP: 32/49 MP: 0/0
  5450 | D:4      | Learned a level 2 spell: Ensorcelled Hibernation
  5536 | D:4      | Was forgiven by Uskayaw
  5655 | D:4      | Found a staircase to the Ecumenical Temple.
  5666 | Temple   | Entered the Ecumenical Temple
  5916 | Temple   | Upgraded the game from 0.27-a0-1065-ge809cff456 to
                  | 0.27-a0-1066-g29160eaed2
  5960 | Temple   | Became a worshipper of Makhleb the Destroyer
  6147 | D:4      | Found a glowing silver altar of Zin.
  6260 | D:4      | Reached skill level 1 in Invocations
  6600 | D:5      | Entered Level 5 of the Dungeon
  6922 | D:4      | Reached * piety under Makhleb
  7330 | D:5      | Identified a scroll of acquirement
  7370 | D:5      | Acquired the +5 gold dragon scales "Qanlynie" {Rampage
                  | rElec rPois rF+ rC+ Stlth+}
  7532 | D:5      | Found Ysuwe's Armour Boutique.
  7538 | D:5      | Bought a +0 pair of gloves for 63 gold pieces
  7582 | D:5      | Reached XP level 8. HP: 50/58 MP: 0/0
  7805 | D:5      | Reached skill level 6 in Spellcasting
  8537 | D:6      | Noticed Eustachio
  8554 | D:6      | Killed Eustachio
  8675 | D:6      | Reached ** piety under Makhleb
  8993 | D:6      | Reached skill level 5 in Armour
  8993 | D:6      | Reached XP level 9. HP: 18/63 MP: 0/0
  8993 | D:6      | Learned a level 4 spell: Animate Dead
  9325 | D:6      | Reached skill level 7 in Spellcasting
 10003 | D:7      | Reached skill level 5 in Fighting
 10053 | D:7      | Noticed Harold
 10310 | D:7      | You are sucked into a shaft and drop 1 floor!
 10417 | D:8      | Reached *** piety under Makhleb
 10457 | D:8      | Reached skill level 8 in Spellcasting
 10561 | D:8      | Slain by an orc warrior

Illustrated notes

Levels and vault maps discovered:
D:1:      mainiacjoe_arrival_reflecting_pool, layout_basic
D:2:      minmay_chambers_of_ones, layout_basic, serial_shops, shop,
          hellmonk_ecumenical_altar_inner_sanctum
D:3:      minmay_goblin_kobold_castle, layout_rooms, serial_forest,
          infiniplex_forest_end_1, infiniplex_forest_lined_2,
          infiniplex_forest_clump_diagonal, infiniplex_forest_clump_curved,
          grunt_decor_junction
D:4:      layout_gridville, zin_statuary, minmay_temple_entry_trees,
          solitary_fountain, uniq_edmund
D:5:      layout_basic, lemuel_tele_altar, serial_shops, shop,
          palyth_stone_intersect, corexii_leaking_fountain
D:6:      layout_basic, portal_sewer_entry_b, uniq_eustachio
D:7:      layout_basic, kiku_gazebo_pond_becter, uniq_joseph,
          uniq_crazy_yiuf_cottage, uniq_harold
D:8:      kennysheep_kobold_camp, layout_basic, grunt_lair_entry_orc_guard_hut,
          kennysheep_generic_room_9, uniq_erica
Temple:   eino_temple_rhombus

Skill      XL: |  1  2  3  4  5  6  7  8  9 |
---------------+----------------------------+-----
Spellcasting   | 4 5 6 8 |  8.1
Fighting       | 1 2 3 4 5 |  5.0
Armour         | 1 2 3 5 7 |  7.2
Dodging        | 3 4 |  4.2
Invocations    | 2 3 |  3.2
Stealth        | |  1.5

Action                   |  1- 3 |  4- 6 |  7- 9 || total
-------------------------+-------+-------+-------++-------
Melee: Dagger            |     4 |    13 |       ||    17
 Cast: Magic Dart        |    70 |   194 |   209 ||   473
       Searing Ray       |     3 |     6 |    34 ||    43
       Apportation       |     1 |     3 |       ||     4
       Fulminant Prism   |       |     4 |    11 ||    15
       Poisonous Vapours |       |     3 |     2 ||     5
       Dazzling Flash    |       |     1 |       ||     1
       Iskenderun's Myst |       |       |    25 ||    25
       Animate Dead      |       |       |     1 ||     1
Invok: Renounce Religion |       |     1 |       ||     1
       Lesser Servant of |       |       |     1 ||     1
  Use: Scroll            |       |       |    13 ||    13
       Potion            |       |       |     2 ||     2
Armor: Robe              |     1 |     5 |    12 ||    18
Dodge: Dodged            |     3 |    23 |    24 ||    50

Table legend: (Time is in decaauts)
 A = Elapsed time spent in this place.
 B = Non-inter-level travel time spent in this place.
 C = Inter-level travel time spent in this place.
 D = Time resting spent in this place.
 E = Time spent auto-exploring this place.
 F = Levels seen in this place.
 G = Mean time per level.
                   A        B        C        D        E       F      G
               +--------+--------+--------+--------+--------+-----+--------+
         Total |  10571 |  10181 |    390 |   3834 |   3491 |   9 | 1174.6 |
       Dungeon |  10266 |   9923 |    343 |   3834 |   3277 |   8 | 1283.2 |
        Temple |    304 |    257 |     47 |      0 |    214 |   1 |  304.0 |
               +--------+--------+--------+--------+--------+-----+--------+

Top non-repeatable levels by time:
     D:3: 2382 daAuts
     D:6: 1703 daAuts
     D:1: 1561 daAuts
     D:2: 1471 daAuts
     D:4: 1431 daAuts
     D:5: 1268 daAuts
  Temple: 304 daAuts
     D:8: 250 daAuts
     D:7: 197 daAuts
